 Dungeon Crawl Stone Soup version 0.31-a0-986-g5e6e4ef867 (webtiles) character file.

Game seed: 11577741582051218116

251828 grandjackal the Slayer (level 18, 0/168 HPs)
             Began as a Demonspawn Gladiator on Nov 22, 2023.
             Was the Champion of Okawaru.
             Slain by an orc knight
             ... wielding a +1 battleaxe of freezing
              (2 damage)
             ... on level 14 of the Dungeon.
             The game lasted 01:09:30 (36446 turns).

grandjackal the Slayer (Demonspawn Gladiator)      Turns: 36446, Time: 01:09:31

Health: 0/168      AC: 44    Str: 22    XL:     18   Next: 95%
Magic:  25/25      EV: 19    Int:  9    God:    Okawaru [******]
Gold:   2629       SH:  0    Dex: 18    Spells: 17/17 levels left

rFire   + + .        K - +9 triple sword of Perversion {drain, rN+ rCorr}
rCold   + + .        (shield currently unavailable)
rNeg    + . .        a - +12 plate armour of Peek-a-Boo {rF+ Dex+2}
rPois   .            (helmet unavailable)
rElec   .            s - +0 cloak
rCorr   +            y - +2 pair of gloves {hurl}
SInv    .            m - +2 pair of boots of Ymoureo {rC++}
Will    +....        e - amulet of regeneration Stlth
                     D - ring of protection from fire
HPRegen 1.28/turn    C - +4 ring of protection
MPRegen 0.19/turn

%: no passive effects
@: mighty, agile, heroic, studying Axes
A: horns 3, icy blue scales 2, foul stench 3, powered by pain 3
}: 2/15 runes: decaying, serpentine
a: Renounce Religion, Heroism, Finesse, Duel


You were on level 14 of the Dungeon.
You worshipped Okawaru.
Okawaru was exalted by your worship.
You visited 6 branches of the dungeon, and saw 31 of its levels.
You visited the Abyss 1 time.
You also visited: Gauntlet.

You collected 3149 gold pieces.
You spent 520 gold pieces at shops.

Inventory:

Hand Weapons
 K - the +9 triple sword of Perversion (weapon) {drain, rN+ rCorr}
   (Okawaru gifted it to you on level 12 of the Dungeon)

   rN+:       It protects you from negative energy.
   rCorr:     It protects you from acid and corrosion.
 S - a +3 scimitar of flaming
Missiles
 b - 12 curare-tipped darts
 d - 3 throwing nets
 Q - 23 silver javelins
 U - 12 javelins (quivered)
Armour
 a - the +12 plate armour of Peek-a-Boo (worn) {rF+ Dex+2}
   (Okawaru gifted it to you on level 2 of the Orcish Mines)

   Dex+2:     It affects your dexterity (+2).
   rF+:       It protects you from fire.
 m - the +2 pair of boots of Ymoureo (worn) {rC++}
   (You found it on level 13 of the Dungeon)

   rC++:      It greatly protects you from cold.
 s - a +0 cloak (worn)
 y - a +2 pair of gloves of hurling (worn)
 R - +0 swamp dragon scales
Jewellery
 c - a ring of willpower
 e - an amulet of regeneration (around neck)
 l - a ring of resist corrosion
 C - a +4 ring of protection (right hand)
 D - a ring of protection from fire (left hand)
 G - a ring of flight
 J - a ring of protection from cold
 V - a ring of positive energy
Wands
 A - a wand of iceblast (39)
 F - a wand of paralysis (10)
 I - a wand of digging (19)
 L - a wand of quicksilver (41)
Scrolls
 f - 5 scrolls of butterflies
 h - 4 scrolls of identify
 i - 7 scrolls of teleportation
 k - 6 scrolls of enchant weapon
 n - 4 scrolls of enchant armour
 o - 5 scrolls of vulnerability
 q - 6 scrolls of immolation
 x - 4 scrolls of blinking
 z - 4 scrolls of fear
 B - 11 scrolls of revelation
 M - 4 scrolls of poison
 N - a scroll of silence
 T - 4 scrolls of fog
 Z - 4 scrolls of torment
Potions
 g - 7 potions of curing
 j - 8 potions of mutation
 p - 5 potions of cancellation
 r - 5 potions of attraction
 t - 4 potions of lignification
 u - 3 potions of heal wounds
 w - 3 potions of resistance
 E - 2 potions of might
 H - 7 potions of haste
 O - 4 potions of enlightenment
 P - 2 potions of ambrosia
 W - 3 potions of berserk rage
 X - 2 potions of invisibility
 Y - 2 potions of magic
Miscellaneous
 v - a sack of spiders


   Skills:
 + Level 22.1(27) Fighting
 + Level 20.5(25.5) Long Blades
 - Level 2.0(7.0) Throwing
 - Level 9.3(14.3) Armour
 - Level 9.0(14.0) Dodging
 - Level 10.5 Invocations


You had 17 spell levels left.
You didn't know any spells.
Your spell library contained the following spells:

 Spells                   Type           Power      Damage    Failure   Level
 Apportation              Tloc           0%         N/A       99%         1
 Freeze                   Ice            0%         1d3       99%         1
 Magic Dart               Conj           0%         1d3       99%         1
 Necrotise                Necr           0%         1d4       99%         1
 Sandblast                Erth           0%         2d4       99%         1
 Shock                    Conj/Air       0%         1d3       99%         1
 Cigotuvi's Dreadful Rot  Necr/Pois/Air  0%         N/A       99%         2
 Ensorcelled Hibernation  Hex/Ice        0%         N/A       99%         2
 Jinxbite                 Hex            0%         N/A       99%         2
 Passwall                 Tmut/Erth      0%         N/A       99%         2
 Sublimation of Blood     Necr           0%         N/A       99%         2
 Wereblood                Tmut           0%         N/A       99%         2
 Dazzling Flash           Conj/Hex       0%         N/A       100%        3
 Frozen Ramparts          Ice            0%         1d1       100%        3
 Hailstorm                Conj/Ice       0%         3d3       100%        3
 Inner Flame              Hex/Fire       0%         N/A       100%        3
 Mephitic Cloud           Conj/Pois/Air  0%         N/A       100%        3
 Ozocubu's Armour         Ice            0%         N/A       100%        3
 Stone Arrow              Conj/Erth      0%         3d7       100%        3
 Swiftness                Air            0%         N/A       100%        3
 Volatile Blastmotes      Fire/Tloc      0%         2d10      100%        3
 Airstrike                Air            0%         2d(0-16)  100%        4
 Anguish                  Hex/Necr       0%         N/A       100%        4
 Brom's Barrelling Bould  Conj/Erth      0%         2d3       100%        4
 Cause Fear               Hex            0%         N/A       100%        4
 Dispel Undead            Necr           0%         3d6       100%        4
 Flame Wave               Conj/Fire      0%         2d4       100%        4
 Manifold Assault         Tloc           0%         N/A       100%        4
 Petrify                  Tmut/Erth      0%         N/A       100%        4
 Sticky Flame             Conj/Fire      0%         2d3       100%        4
 Vhi's Electric Charge    Tloc/Air       0%         N/A       100%        4
 Agony                    Necr           0%         N/A       100%        5
 Alistair's Intoxication  Tmut/Pois      0%         N/A       100%        5
 Arcjolt                  Conj/Air       0%         1d10      100%        5
 Metabolic Englaciation   Hex/Ice        0%         N/A       100%        5
 Silence                  Hex/Air        0%         N/A       100%        5
 Plasma Beam              Fire/Air       0%         2x1d10    100%        6
 Enfeeble                 Hex            0%         N/A       100%        7
 Ozocubu's Refrigeration  Ice            0%         4d7       100%        7
 Borgnjor's Revivificati  Necr           0%         N/A       100%        8
 Death's Door             Necr           0%         N/A       100%        9
 Summon Small Mammal      Summ           Unusable   N/A       N/A         1
 Call Imp                 Summ           Unusable   N/A       N/A         2
 Death Channel            Necr           Unusable   N/A       N/A         6
 Haunt                    Necr/Summ      Unusable   N/A       N/A         7
 Summon Hydra             Summ           Unusable   N/A       N/A         7

Dungeon Overview and Level Annotations

Branches:
Dungeon (15/15)            Temple (0/1) D:5            Lair (5/5) D:10
  Swamp (4/4) Lair:2        Snake (4/4) Lair:2        Slime (0/5) Lair:4
    Orc (2/2) D:11            Elf (0/3) Orc:2        Vaults (1/5) D:14
 Depths (0/4) D:15        Gauntlet (visited)

Altars:
Cheibriados
Dithmenos
Kikubaaqudgha
Okawaru
Qazlal
Wu Jian
Jiyva

Shops:
Orc:2 (*[:(   Snake:3 ?

Annotations:
D:14 2 runed translucent doors
Swamp:4 3 runed translucent doors, Etwad's ghost, journeyman FeSu
Orc:1 1 transporter


Innate Abilities, Weirdness & Mutations

You have a pair of large horns on your head.
You are mostly covered in icy blue scales. (AC +3)
You frequently emit foul miasma when damaged in melee.
You are powered by pain.


Message History

The ironbound frostheart seems to grow stronger.
The orc warlord is engulfed in dark miasma.
The orc warlord looks even sicker.
The orc warlord hits you with a +1 war axe of venom.
* * * LOW HITPOINT WARNING * * *
You are more poisoned.
The white ugly thing kicks you but does no damage.
You go up through the gate.
Welcome back to the Dungeon!
Level annotation: 2 runed translucent doors
* * * LOW HITPOINT WARNING * * *
You focus on the pain.
You feel mightier all of a sudden.
You feel extremely sick.
There is a gate to the Vaults here.
You see here a boomerang.
You feel better. The orc knight misses you.
The orc warlord hits you with a +1 war axe of venom!
* * * LOW HITPOINT WARNING * * *
You are poisoned.
Unknown command.
Blink to where?
Press: ? - help, Dir - move target
As you read the scroll of blinking, it crumbles to dust.
* * * LOW HITPOINT WARNING * * *
You feel very sick.
You feel better.
The orc warlord no longer looks unusually strong.
The orc knight no longer looks unusually strong.
The orc warlord roars a battlecry!
The orc knight goes into a battle-frenzy!
The orc knight roars a battlecry!
The orc warlord goes into a battle-frenzy!
The orc knight looks more healthy.
The orc knight attacks as it pursues you!
The orc knight hits you with a +1 battleaxe of freezing!!
* * * LOW HITPOINT WARNING * * *
You focus on the pain.
You feel agile all of a sudden. The orc knight freezes you.
You die...

#.# ## ###### #.# .# ########
#....#######.# .# #......#
######....##......## .###.####.#
#..........#.###.... .#........#
#.............##....
.#........####...................
.#...............................
.#..............@o..o............
.....#..............##...........
.....#..............##...#.#.....
.....#####..........##..##[##....
.........................#∩#.....
...........###..........##[##....
.............#...........#.#.....
....<............................
#####.#....#...................##


You could see an orc warlord (strong, very poisoned) and an orc knight (strong).

Vanquished Creatures
  Bai Suzhen (Snake:2)
  Saint Roka (Snake:3)
  the Lernaean hydra (Swamp:4)
  Nikola (Swamp:2)
  Aizul (Snake:4)
  A fire giant (D:15)
  2 fenstrider witches
  14 nagarajas
  Roxanne (Snake:4)
  A vault warden (Vaults:1)
  A draconian scorcher (Abyss:2)
  The ghost of Puubajux the Bludgeoner, an adept GrFi of Gozag (Snake:3)
  Louise (Swamp:4)
  4 orc warlords
  3 ironbound preservers (Vaults:1)
  2 very ugly things (Swamp:4)
  An ironbound thunderhulk (D:14)
  4 dire elephants
  4 eleionomae
  A minotaur (Gauntlet)
  3 bunyips
  Snorg (Orc:2)
  2 green deaths (Swamp:4)
  4 salamander tyrants
  Fannar (D:10)
  5 boulder beetles
  4 anacondas
  6 centaur warriors
  14 hydras
  A vault guard (Vaults:1)
  3 ghost crabs
  11 alligators
  6 catoblepae
  A death knight (D:15)
  2 dancing weapons (D:14)
  3 tengu warriors
  8 death yaks
  An ironbound frostheart (Vaults:1)
  2 two-headed ogres
  12 naga warriors
  6 orc high priests
  20 naga sharpshooters
  Nergalle (D:10)
  8 shock serpents
  A sun demon (Abyss:2)
  Amaemon (D:8)
  Sonja (D:10)
  A wretched star (Abyss:2)
  4 skysharks
  A fire crab (Lair:5)
  5 salamander mystics
  10 skeletal warriors
  5 goliath frogs
  4 spriggan druids
  8 deep trolls
  A deep elf archer (D:14)
  2 arcanists (Vaults:1)
  5 bog bodies
  5 swamp dragons
  6 naga ritualists
  6 orc knights
  Pikel (D:6)
  5 mana vipers
  A deep elf pyromancer (D:13)
  3 manticores
  6 orc sorcerers
  9 cyclopes
  27 ugly things
  15 salamanders
  38 black mambas
  15 elephants
  Joseph (D:10)
  6 guardian serpents
  18 naga magi
  A smoke demon (Abyss:2)
  2 vault sentinels (Vaults:1)
  An ice statue (Lair:3)
  4 orange demons
  2 gargoyles
  A torpor snail (Lair:1)
  Maggie (D:6)
  9 cane toads
  2 unseen horrors
  4 rime drakes
  An efreet (D:14)
  Jeremiah (D:6)
  4 kobold demonologists
  10 komodo dragons
  A tengu conjurer (Gauntlet)
  6 trolls
  A bloated husk (Swamp:1)
  8 tyrant leeches
  A polar bear (Lair:5)
  A wind drake (shapeshifter) (D:13)
  4 hornets
  21 blink frogs
  A culicivora (shapeshifter) (D:13)
  25 slime creatures
  3 spriggans
  4 wyverns
  2 shadows (Swamp:4)
  4 wraiths
  2 water elementals (D:15)
  Eustachio (D:3)
  64 yaks
  3 small abominations (Abyss:2)
  3 basilisks
  10 vampire mosquitoes
  A steam dragon (D:8)
  8 wargs
  A hell hound (Abyss:2)
  37 nagas
  2 acid dragons (D:12)
  14 swamp worms
  Duvessa (D:4)
  10 water moccasins
  7 swamp drakes
  A black bear (D:8)
  11 ice beasts
  51 orc warriors
  4 large abominations
  3 sky beasts (D:8)
  3 ogres
  9 centaurs
  A phantom (D:7)
  4 kobold brigands
  10 bullfrogs
  3 gnoll sergeants
  6 scorpions
  14 wights
  Dowan (D:4)
  18 killer bees
  5 electric eels
  2 howler monkeys (D:11)
  A gnoll bouda (D:5)
  29 orc priests
  3 hounds
  3 iguanas
  Terence (D:3)
  Jessica (D:2)
  Ijyb (D:3)
  29 orc wizards
  Robin (D:3)
  15 gnolls
  5 adders
  2 shadow imps
  4 ufetubi
  A worm (D:3)
  6 dart slugs
  75 orcs
  7 endoplasms
  16 goblins
  14 hobgoblins
  2 jackals (D:1)
  3 quokkas (D:4)
  6 ball pythons
  6 bats
  A frilled lizard (D:3)
  18 kobolds
  4 rats
1071 creatures vanquished.

Vanquished Creatures (others)
  An alligator (Swamp:1)
  An orc wizard (D:10)
  2 orcs (Snake:3)
4 creatures vanquished.

Grand Total: 1075 creatures vanquished

Notes
Turn   | Place    | Note
-------+----------+-------------------------------------------
     0 | D:1      | grandjackal the Demonspawn Gladiator began the quest for
                  | the Orb.
     0 | D:1      | Reached XP level 1. HP: 16/16 MP: 1/1
   178 | D:1      | You fall into a shaft and drop 1 floor!
   217 | D:2      | Gained mutation: You sometimes gain a little power by
                  | taking damage. [demonic ancestry]
   217 | D:2      | Reached XP level 2. HP: 19/22 MP: 2/2
   829 | D:2      | Reached XP level 3. HP: 28/28 MP: 3/3
  1144 | D:2      | Noticed Jessica
  1155 | D:2      | Killed Jessica
  1156 | D:2      | Reached skill level 3 in Fighting
  1156 | D:2      | Reached XP level 4. HP: 19/35 MP: 4/4
  1539 | D:3      | Noticed Robin
  1554 | D:3      | Killed Robin
  1595 | D:3      | Noticed Terence
  1618 | D:3      | Killed Terence
  1619 | D:3      | Gained mutation: You may rarely emit foul miasma when
                  | damaged in melee. [demonic ancestry]
  1619 | D:3      | Reached XP level 5. HP: 6/41 MP: 5/5
  1674 | D:3      | Noticed Ijyb
  2182 | D:3      | Killed Ijyb
  2499 | D:4      | Reached skill level 4 in Fighting
  2499 | D:4      | Gained mutation: You are partially covered in icy blue
                  | scales. (AC +2) [demonic ancestry]
  2499 | D:4      | Reached XP level 6. HP: 48/48 MP: 6/6
  2635 | D:4      | Noticed Eustachio
  2649 | D:4      | Noticed Duvessa
  2687 | D:4      | Killed Duvessa
  2768 | D:4      | Noticed Dowan
  2781 | D:4      | Killed Dowan
  2885 | D:3      | Killed Eustachio
  2886 | D:3      | Gained mutation: You sometimes emit foul miasma when
                  | damaged in melee. [demonic ancestry]
  2886 | D:3      | Reached XP level 7. HP: 47/55 MP: 7/7
  2950 | D:4      | Found an iron altar of Okawaru.
  3078 | D:4      | Became a worshipper of Warmaster Okawaru
  3335 | D:5      | Entered Level 5 of the Dungeon
  3340 | D:5      | Reached skill level 1 in Invocations
  3447 | D:5      | Reached skill level 5 in Fighting
  3450 | D:5      | Reached skill level 5 in Long Blades
  3450 | D:5      | Reached skill level 5 in Dodging
  3613 | D:5      | Reached * piety under Okawaru
  3823 | D:5      | Gained mutation: You are mostly covered in icy blue scales.
                  | (AC +3) [demonic ancestry]
  3823 | D:5      | Reached XP level 8. HP: 58/60 MP: 10/10
  4078 | D:5      | Found a staircase to the Ecumenical Temple.
  4318 | D:6      | Noticed Maggie
  4337 | D:6      | Killed Maggie
  4337 | D:6      | Reached ** piety under Okawaru
  4338 | D:6      | Reached skill level 6 in Fighting
  4440 | D:6      | Reached skill level 5 in Invocations
  4604 | D:6      | Noticed Pikel
  4612 | D:6      | Killed Pikel
  4613 | D:6      | Gained mutation: You have a pair of small horns on your
                  | head. [demonic ancestry]
  4613 | D:6      | Reached XP level 9. HP: 61/71 MP: 11/13
  4681 | D:6      | Noticed Jeremiah
  4692 | D:6      | Killed Jeremiah
  4692 | D:6      | Reached *** piety under Okawaru
  5203 | D:7      | Reached skill level 7 in Fighting
  5268 | D:7      | Reached **** piety under Okawaru
  5517 | D:7      | Identified the +4 spear "Xeschowo" {spect, rF- rCorr Int+8
                  | Dex-3}
  5968 | D:8      | Gained mutation: You have a pair of horns on your head.
                  | [demonic ancestry]
  5968 | D:8      | Reached XP level 10. HP: 62/80 MP: 15/15
  6044 | D:8      | Reached skill level 8 in Fighting
  6203 | D:8      | Noticed Amaemon
  6204 | D:8      | Noticed an orange demon
  6227 | D:8      | Killed Amaemon
  6234 | D:8      | Killed an orange demon
  6800 | D:9      | Identified the "Iteang"
  7108 | D:9      | Reached ***** piety under Okawaru
  7812 | D:10     | Entered Level 10 of the Dungeon
  7876 | D:10     | Found a staircase to the Lair.
  7909 | D:10     | Noticed Joseph
  7919 | D:10     | Killed Joseph
  7920 | D:10     | Reached skill level 9 in Fighting
  7926 | D:10     | Noticed Fannar
  8150 | D:10     | Killed Fannar
  8151 | D:10     | Reached XP level 11. HP: 74/89 MP: 16/18
  8160 | D:10     | Reached skill level 10 in Invocations
  8161 | D:10     | Received a gift from Okawaru
  8634 | D:10     | Noticed a two-headed ogre
  8649 | D:10     | Killed a two-headed ogre
  8650 | D:10     | Reached skill level 1 in Armour
  8667 | D:10     | Found a shadowy altar of Dithmenos.
  8667 | D:10     | Noticed Sonja
  8691 | D:10     | Received a gift from Okawaru
  8942 | D:10     | Killed Sonja
  8943 | D:10     | Reached skill level 10 in Fighting
  9192 | D:10     | Noticed Nergalle
  9204 | D:10     | Killed Nergalle
  9532 | D:11     | Noticed a six-headed hydra
  9540 | D:10     | Killed a six-headed hydra
  9540 | D:10     | Received a gift from Okawaru
 10074 | D:11     | Found the +5 Force Lance {heavy, knockback}
 10576 | D:11     | Found a staircase to the Orcish Mines.
 10944 | D:12     | Reached XP level 12. HP: 99/99 MP: 19/19
 10948 | D:12     | Reached skill level 10 in Long Blades
 11554 | D:12     | Reached ****** piety under Okawaru
 11559 | D:12     | Received a gift from Okawaru
 11560 | D:12     | Reached skill level 11 in Fighting
 11583 | D:12     | Acquired the +9 triple sword of Perversion {drain, rN+
                  | rCorr}
 11583 | D:12     | Received a gift from Okawaru
 11897 | Orc:1    | Entered Level 1 of the Orcish Mines
 11924 | Orc:1    | Reached skill level 5 in Armour
 12038 | Orc:2    | Entered Level 2 of the Orcish Mines
 12048 | Orc:2    | Acquired the +12 plate armour of Peek-a-Boo {rF+ Dex+2}
 12048 | Orc:2    | Received a gift from Okawaru
 12078 | Orc:2    | Noticed an orc high priest
 12086 | Orc:2    | Killed an orc high priest
 12092 | Orc:2    | Received a gift from Okawaru
 12198 | Orc:2    | Noticed an orc warlord
 12324 | Orc:2    | Found Wehy's Antique Weapon Boutique.
 12367 | Orc:1    | Noticed Snorg
 12377 | Orc:2    | Killed Snorg
 12520 | Orc:1    | Noticed an orc high priest
 12527 | Orc:1    | Killed an orc high priest
 12535 | Orc:1    | Noticed an orc warlord
 12579 | Orc:1    | Killed an orc warlord
 12579 | Orc:1    | Received a gift from Okawaru
 12580 | Orc:1    | Reached skill level 12 in Fighting
 12862 | Orc:1    | Found a transporter.
 13054 | Orc:1    | Killed an orc warlord
 13469 | Orc:2    | Found a staircase to the Elven Halls.
 13481 | Orc:2    | Noticed a two-headed ogre
 13489 | Orc:2    | Killed a two-headed ogre
 13489 | Orc:2    | Received a gift from Okawaru
 13525 | Orc:2    | Gained mutation: You have a pair of large horns on your
                  | head. [demonic ancestry]
 13525 | Orc:2    | Reached XP level 13. HP: 102/108 MP: 20/20
 13739 | Orc:2    | Paralysed by an orc sorcerer for 5 turns
 13775 | Orc:2    | Received a gift from Okawaru
 13851 | Orc:2    | Noticed an orc warlord
 14069 | Orc:2    | Killed an orc warlord
 14217 | Orc:2    | Received a gift from Okawaru
 14245 | Orc:2    | Reached skill level 13 in Fighting
 14301 | Orc:2    | Found Zoosal's Antique Armour Shoppe.
 14302 | Orc:2    | Found Ihuiqil's Antique Weapon Emporium.
 14304 | Orc:2    | Found Asuapsunt's General Store.
 14304 | Orc:2    | Found Sassaesk's Book Shoppe.
 14309 | Orc:2    | Bought a scroll of immolation for 68 gold pieces
 14309 | Orc:2    | Bought a scroll of revelation for 127 gold pieces
 14309 | Orc:2    | Bought a potion of heal wounds for 85 gold pieces
 14309 | Orc:2    | Bought a scroll of fear for 68 gold pieces
 14464 | Lair:1   | Entered Level 1 of the Lair of Beasts
 14957 | Lair:1   | Received a gift from Okawaru
 15463 | Lair:2   | Found a gate leading to a gauntlet.
 15466 | Gauntlet | Entered a Gauntlet
 15466 | Gauntlet | Found a transporter.
 15487 | Gauntlet | Found a transporter.
 15502 | Gauntlet | Found a transporter.
 15504 | Gauntlet | Found a large runed translucent door.
 15504 | Gauntlet | Found a large runed translucent door.
 15505 | Gauntlet | Found a large runed translucent door.
 15505 | Gauntlet | Found a large runed translucent door.
 15506 | Gauntlet | Found a large runed translucent door.
 15506 | Gauntlet | Found a large runed translucent door.
 15506 | Gauntlet | Found a runed translucent door.
 15506 | Gauntlet | Found a runed translucent door.
 15506 | Gauntlet | Found a large runed translucent door.
 15506 | Gauntlet | Found a large runed translucent door.
 15508 | Gauntlet | Found a transporter.
 15508 | Gauntlet | Found a large runed translucent door.
 15508 | Gauntlet | Found a large runed translucent door.
 15528 | Gauntlet | Found a transporter.
 15539 | Gauntlet | Found a large runed translucent door.
 15540 | Gauntlet | Found a large runed translucent door.
 15541 | Gauntlet | Found a large runed translucent door.
 15542 | Gauntlet | Found a runed translucent gate.
 15543 | Gauntlet | Found a transporter.
 15543 | Gauntlet | Found a runed translucent gate.
 15544 | Gauntlet | Found a runed translucent gate.
 15545 | Gauntlet | Found a large runed translucent door.
 15546 | Gauntlet | Found a large runed translucent door.
 15547 | Gauntlet | Found a large runed translucent door.
 15555 | Gauntlet | Found a transporter.
 15556 | Gauntlet | Found the +2 hood of the Assassin {Detect Stab+ Stlth++}
 15564 | Gauntlet | Noticed a blizzard demon
 15567 | Gauntlet | Found a transporter.
 15579 | Gauntlet | Found a transporter.
 15591 | Gauntlet | Found a transporter.
 15608 | Gauntlet | Found a transporter.
 15626 | Gauntlet | Found a transporter.
 15628 | Gauntlet | Found a transporter.
 15655 | Gauntlet | Found a transporter.
 15655 | Gauntlet | Found a transporter.
 15657 | Gauntlet | Found a transporter.
 15679 | Gauntlet | Found a transporter.
 15699 | Gauntlet | Found a transporter.
 15703 | Gauntlet | Identified the +0 pair of gloves of Disguise {Int+2}
 15879 | Gauntlet | Noticed a minotaur
 15887 | Gauntlet | Killed a minotaur
 15897 | Gauntlet | Identified the +10 shortbow of Death {freeze, rElec rC++
                  | Will+ Int+2}
 15934 | Lair:2   | Identified the +3 ring mail of Zozid {*Slow Will+ Slay+2
                  | Stlth+}
 16015 | Lair:2   | Found a staircase to the Snake Pit.
 16163 | Lair:2   | Received a gift from Okawaru
 16447 | Lair:2   | Reached XP level 14. HP: 117/119 MP: 16/21
 16615 | Lair:2   | Found a staircase to the Swamp.
 16933 | Lair:2   | Found a stormy altar of Qazlal.
 17266 | Lair:3   | Received a gift from Okawaru
 17354 | Lair:3   | Reached skill level 14 in Fighting
 17972 | Lair:3   | Received a gift from Okawaru
 18291 | Lair:3   | Identified the amulet "Tasun" {Faith rC+++ Will- Dex+4}
 18870 | Lair:4   | Found a viscous altar of Jiyva.
 18871 | Lair:4   | Found a staircase to the Slime Pits.
 18879 | Lair:4   | Received a gift from Okawaru
 19260 | Lair:4   | Reached skill level 15 in Fighting
 19974 | Lair:5   | Entered Level 5 of the Lair of Beasts
 20178 | Lair:5   | Received a gift from Okawaru
 20735 | Lair:5   | Received a gift from Okawaru
 20741 | Lair:5   | Gained mutation: You sometimes gain power by taking damage.
                  | [demonic ancestry]
 20741 | Lair:5   | Reached XP level 15. HP: 108/130 MP: 1/22
 21146 | Lair:5   | Reached skill level 16 in Fighting
 21990 | D:13     | Received a gift from Okawaru
 22128 | D:13     | Reached skill level 15 in Long Blades
 22142 | D:13     | Identified the +2 pair of boots of Ymoureo {rC++}
 23857 | D:14     | Found a snail-covered altar of Cheibriados.
 23903 | D:14     | Reached skill level 17 in Fighting
 24182 | D:14     | Found a gate to the Vaults.
 24359 | D:14     | Found a runed translucent door.
 24392 | D:14     | Noticed a sphinx
 24394 | D:14     | Found a runed translucent door.
 24612 | D:14     | Noticed a storm dragon
 24627 | D:15     | Entered Level 15 of the Dungeon
 24656 | D:15     | Found a staircase to the Depths.
 24656 | D:15     | Noticed a fire giant
 24729 | D:15     | Killed a fire giant
 25040 | D:15     | Received a gift from Okawaru
 25111 | D:15     | Reached XP level 16. HP: 36/141 MP: 14/23
 26212 | Swamp:1  | Entered Level 1 of the Swamp
 26792 | Swamp:1  | Reached skill level 18 in Fighting
 27135 | Swamp:2  | Received a gift from Okawaru
 27447 | Swamp:2  | Noticed Nikola
 27457 | Swamp:2  | Killed Nikola
 27651 | Swamp:3  | Paralysed by a fenstrider witch for 5 turns
 28359 | Swamp:4  | Entered Level 4 of the Swamp
 28385 | Swamp:4  | Noticed Louise
 28398 | Abyss:2  | Found a corrupted altar of Lugonu.
 28398 | Abyss:2  | Cast into level 2 of the Abyss (Louise)
 28559 | Swamp:4  | Escaped the Abyss
 28563 | Swamp:4  | Received a gift from Okawaru
 28612 | Swamp:4  | Killed Louise
 28728 | Swamp:4  | Reached skill level 19 in Fighting
 28800 | Swamp:4  | Noticed a tentacled monstrosity
 28811 | Swamp:4  | Noticed Etwad's ghost (journeyman FeSu)
 28815 | Swamp:4  | Found a runed translucent gate.
 28815 | Swamp:4  | Found a runed translucent gate.
 28815 | Swamp:4  | Found a runed translucent gate.
 28815 | Swamp:4  | Noticed a thorn hunter
 29085 | Swamp:4  | Received a gift from Okawaru
 29306 | Swamp:4  | Gained mutation: You are powered by pain. [demonic
                  | ancestry]
 29306 | Swamp:4  | Reached XP level 17. HP: 136/153 MP: 24/24
 29389 | Swamp:4  | Noticed the 27-headed Lernaean hydra
 29400 | Swamp:4  | Killed the 22-headed Lernaean hydra
 29429 | Swamp:4  | Received a gift from Okawaru
 29450 | Swamp:4  | Got a decaying rune of Zot
 29784 | Snake:1  | Entered Level 1 of the Snake Pit
 31098 | Snake:2  | Received a gift from Okawaru
 31099 | Snake:2  | Reached skill level 20 in Fighting
 31225 | Snake:2  | Identified the +9 rapier of the Bear {flame, Dex+3}
 31941 | Snake:3  | Noticed Bai Suzhen
 31960 | Snake:2  | Killed Bai Suzhen
 32087 | Snake:3  | Received a gift from Okawaru
 32158 | Snake:3  | Noticed Puubajux's ghost (adept GrFi)
 32189 | Snake:3  | Found a runed translucent door.
 32408 | Snake:3  | Found an ancient bone altar of Kikubaaqudgha.
 32531 | Snake:3  | Noticed Saint Roka
 32533 | Snake:3  | Identified the serpent talisman of the Mantidfly {Str+3
                  | Int+2}
 32533 | Snake:3  | Noticed Aizul
 32558 | Snake:3  | Killed Saint Roka
 32567 | Snake:3  | Identified the +1 battleaxe of Corpus Delicti {chaos, Will+
                  | Str+2}
 32591 | Snake:3  | Gained mutation: You frequently emit foul miasma when
                  | damaged in melee. [demonic ancestry]
 32591 | Snake:3  | Reached XP level 18. HP: 63/164 MP: 13/25
 33243 | Snake:3  | Found Plog's Magic Scroll Boutique.
 33248 | Snake:3  | Bought a scroll of blinking for 112 gold pieces
 33248 | Snake:3  | Bought a scroll of immolation for 60 gold pieces
 33333 | Snake:3  | Killed Puubajux's ghost
 33392 | Snake:4  | Entered Level 4 of the Snake Pit
 33505 | Snake:4  | Received a gift from Okawaru
 33521 | Snake:4  | Reached skill level 21 in Fighting
 33776 | Snake:4  | Found an ornate altar of the Wu Jian Council.
 33846 | Snake:4  | Killed Aizul
 34421 | Snake:4  | Received a gift from Okawaru
 34528 | Snake:4  | Noticed Roxanne
 34538 | Snake:4  | Killed Roxanne
 35253 | Snake:4  | Received a gift from Okawaru
 35266 | Snake:4  | Got a serpentine rune of Zot
 36057 | Vaults:1 | Entered Level 1 of the Vaults
 36258 | Vaults:1 | Reached skill level 22 in Fighting
 36300 | D:14     | Received a gift from Okawaru
 36435 | D:14     | HP: 4/168 [poisoned by an orc warlord]
 36446 | D:14     | HP: 2/168 [orc knight/+1 battleaxe of freezing (19)]
 36446 | D:14     | Slain by an orc knight

Illustrated notes

Levels and vault maps discovered:
D:1:      roderic_dead_forest, layout_basic
D:2:      layout_basic, uniq_jessica
D:3:      layout_basic, uniq_robin, uniq_terence, uniq_ijyb
D:4:      layout_cave_pools, mainiacjoe_overflow_concentric_impassable,
          mainiacjoe_overflow_small_starburst, minivault_1, nrook_campfire,
          uniq_duvessa, uniq_eustachio
D:5:      layout_basic, minmay_temple_entry_ruins
D:6:      layout_basic, uniq_maggie, uniq_pikel, uniq_jeremiah
D:7:      layout_basic
D:8:      layout_cave_pools, uniq_amaemon
D:9:      layout_rooms
D:10:     minmay_twisted_water, layout_rooms, jmf_multi_god_temple,
          serial_bayou, serial_bayou_pond_c, serial_bayou_crossing,
          serial_bayou_pond_a, uniq_fannar, uniq_nergalle, uniq_sonja,
          uniq_joseph
D:11:     layout_gridville, orc_0_dummy
D:12:     layout_irregular_city
D:13:     minmay_the_grid_plus [minmay_the_grid_armoury, minmay_the_grid_paths,
          minmay_the_grid_broken_lines, minmay_the_grid_empty,
          minmay_the_grid_prize_shrinking_boxes], layout_basic
D:14:     minmay_expanding_circles, layout_basic, erik_vaults_1,
          cheibriados_altar_1
D:15:     grunt_enter_depths_giant_problem, layout_basic, serial_bayou_ford_a
Lair:1:   layout_regular_city, infiniplex_staircase_pool_2, lemuel_fruit_tree
Lair:2:   layout_small_grid, mainiacjoe_swamp_entry_lozenge_pond,
          dummy_snake_entry, gauntlet_entry_generic, basic_altar
Lair:3:   statuecave_lemuel, layout_chaotic_city, chequers_serial_rivers_small_a
Lair:4:   layout_layer_cave, slime_entry_1, beast_lair_carwin_5,
          grunt_megastairs_1
Lair:5:   evilmike_catoblepas_cave, layout_concentric_octagons
Swamp:1:  layout_falls_marsh, serial_swamp_ruin, evilmike_swamp_ruin_house_2,
          evilmike_swamp_ruin_rubble_1, evilmike_swamp_ruin_house_5,
          swamp_pool_5
Swamp:2:  layout_basic_swamp, nicolae_swamp_little_swirl, uniq_nikola
Swamp:3:  layout_basic_swamp, nicolae_swamp_small_spring,
          infiniplex_staircase_pool
Swamp:4:  swamp_vile, layout_basic_swamp, gammafunk_ghost_split, swamp_pool_1_2,
          nicolae_swamp_well_well_well, uniq_louise
Snake:1:  layout_onion_interference
Snake:2:  layout_concentric_octagons
Snake:3:  layout_misc_corridors, hellmonk_ghost_happy_afterlife, serial_shops,
          nicolae_shop_just_a_little_nook, basic_altar,
          nicolae_coiled_stairwell_down, uniq_saint_roka, uniq_aizul,
          uniq_bai_suzhen
Snake:4:  grunt_snake_rune_spirals, layout_onion_interference, basic_altar,
          uniq_roxanne
Orc:1:    emtedronai_trogs_sanctum, layout_caves, uniq_snorg
Orc:2:    st_orc_congregation, layout_diamond_mine, serial_shops, shop
Vaults:1: nicolae_vaults_big_angled_halls, v_rooms_6, grunt_vaults_bifocal,
          ontoclasm_vaults_ring_small, nicolae_vaults_trapezoid_lopsided_1,
          v_alt_pattern_5, ontoclasm_vaults_ring_square, nicolae_vaults_arrows,
          vaults_dpeg_hooks, nicolae_vaults_big_ls,
          nicolae_vaults_specimen_jars, nicolae_vaults_theta,
          vaults_room_corners, vaults_dpeg_emergency_exit,
          dpeg_vaults_monster_box, nicolae_vaults_tetromino_T_2,
          layout_vaults_big_cross, serial_shops, nicolae_shop_dealshenge

Skill      XL: |  1  2  3  4  5  6  7  8  9 10 11 12 13 14 15 16 17 18 |
---------------+-------------------------------------------------------+-----
Throwing       | 2 |  2.0
Dodging        | 3 4 5 6 7 8 9 |  9.0
Long Blades    | 3 4 5 6 7 8 9 11 12 14 16 17 19 20 | 20.5
Fighting       | 3 4 5 6 7 9 10 12 13 15 17 19 20 22 | 22.1
Invocations    | 2 5 7 9 10 | 10.5
Armour         | 4 7 9 |  9.3

Action                     |  1- 3 |  4- 6 |  7- 9 | 10-12 | 13-15 | 16-18 || total
---------------------------+-------+-------+-------+-------+-------+-------++-------
  Melee: Long sword        |   101 |   193 |    69 |       |       |       ||   363
         Punch             |     2 |     2 |       |       |     1 |     1 ||     6
         Scimitar          |       |       |     4 |       |       |    43 ||    47
         Great sword       |       |       |   142 |   456 |       |       ||   598
         Headbutt          |       |       |    17 |   128 |   253 |   333 ||   731
         Dagger            |       |       |       |     3 |    32 |       ||    35
         Triple sword      |       |       |       |   152 |   905 |  1193 ||  2250
  Throw: Throwing net      |       |     1 |       |     2 |       |       ||     3
         Dart              |       |       |     4 |     8 |       |       ||    12
         Javelin           |       |       |       |     1 |     9 |    21 ||    31
 Invoke: Heroism           |       |       |     1 |     5 |     3 |     5 ||    14
         Finesse           |       |       |       |     2 |     2 |     2 ||     6
         Receive Weapon    |       |       |       |     1 |       |       ||     1
         Receive Armour    |       |       |       |     1 |       |       ||     1
  Evoke: Wand              |       |     1 |     5 |    10 |       |     2 ||    18
    Use: Potion            |       |       |       |     6 |     2 |     3 ||    11
         Scroll            |       |       |       |    11 |    11 |     6 ||    28
   Stab: Sleeping          |     2 |     1 |     5 |     2 |       |       ||    10
         Held in net/web   |       |       |       |     2 |       |       ||     2
         Petrified         |       |       |       |       |     4 |       ||     4
         Confused          |       |       |       |       |       |     2 ||     2
 Armour: Leather armour    |    55 |   134 |    61 |       |       |       ||   250
         Steam dragon scal |       |       |    83 |   369 |       |       ||   452
         Skin              |       |       |     2 |       |       |       ||     2
         Acid dragon scale |       |       |       |    69 |       |       ||    69
         Plate armour      |       |       |       |   158 |  1165 |   363 ||  1686
         Swamp dragon scal |       |       |       |       |       |  1009 ||  1009
  Dodge: Dodged            |    74 |   184 |   228 |   845 |   524 |   957 ||  2812

Table legend: (Time is in decaauts)
 A = Elapsed time spent in this place.
 B = Non-inter-level travel time spent in this place.
 C = Inter-level travel time spent in this place.
 D = Time resting spent in this place.
 E = Time spent auto-exploring this place.
 F = Levels seen in this place.
 G = Mean time per level.
                   A        B        C        D        E       F      G
               +--------+--------+--------+--------+--------+-----+--------+
         Total |  36866 |  35396 |   1470 |   7845 |  18839 |  34 | 1084.3 |
       Dungeon |  16806 |  16093 |    713 |   4081 |   8495 |  15 | 1120.4 |
          Lair |   7208 |   6828 |    380 |    728 |   4995 |   5 | 1441.6 |
         Swamp |   3566 |   3451 |    115 |    515 |   1753 |   4 |  891.5 |
     Snake Pit |   5957 |   5752 |    205 |   1571 |   2827 |   4 | 1489.2 |
  Orcish Mines |   2557 |   2503 |     54 |    858 |    756 |   2 | 1278.5 |
        Vaults |    174 |    174 |      0 |     15 |     12 |   1 |  174.0 |
         Abyss |    157 |    157 |      0 |      0 |      0 |   2 |   78.5 |
      Gauntlet |    437 |    437 |      0 |     75 |      0 |   1 |  437.0 |
               +--------+--------+--------+--------+--------+-----+--------+

Top non-repeatable levels by time:
 Snake:4: 2396 daAuts
  Lair:5: 1749 daAuts
   Orc:2: 1672 daAuts
  Lair:4: 1653 daAuts
    D:13: 1640 daAuts
  Lair:2: 1612 daAuts
    D:15: 1480 daAuts
     D:9: 1403 daAuts
    D:14: 1383 daAuts
 Snake:3: 1374 daAuts
    D:10: 1297 daAuts
    D:12: 1288 daAuts
 Snake:2: 1259 daAuts
 Swamp:4: 1222 daAuts
  Lair:3: 1147 daAuts
